 Dungeon Crawl Stone Soup version 0.30-a0-1008-g30c9307041 (webtiles) character file.

Game seed: 15691528482333075665

502 PimpSugar the Magician (level 6, 0/38 (44) HPs)
             Began as a Demonspawn Hedge Wizard on Apr 5, 2023.
             Was an Initiate of Vehumet.
             Slain by a wight
             ... wielding a +2 short sword
              (2 damage)
             ... on level 5 of the Dungeon.
             The game lasted 00:14:38 (4892 turns).

PimpSugar the Magician (Demonspawn Hedge Wizard)    Turns: 4892, Time: 00:14:38

HP:   0/38 (44)     AC:  2    Str: 10    XL:     6   Next: 95%
MP:   9/12          EV: 14    Int: 18    God:    Vehumet [......]
Gold: 137           SH:  0    Dex: 12    Spells: 7/13 levels left

rFire   + . .      SeeInvis .    m - +3 quarterstaff (chaos)
rCold   x . .      Faith    .    (shield currently unavailable)
rNeg    + . .      Spirit   .    b - +0 robe
rPois   .          Reflect  .    c - +0 hat
rElec   .          Rampage  .    o - scarf {+Inv}
rCorr   .                        (no gloves)
Will    .....                    (no boots)
Stlth   ++                       (no amulet)
HPRegen 0.26/turn                x - ring of positive energy
MPRegen 0.13/turn                B - ring of fire

@: heavily drained
A: repulsion field 1, spiny 1, weakness stinger 1
a: Renounce Religion, Evoke Invisibility


You were on level 5 of the Dungeon.
You worshipped Vehumet.
Vehumet was noncommittal.
You visited 2 branches of the dungeon, and saw 6 of its levels.

You collected 267 gold pieces.
You spent 130 gold pieces at shops.

Inventory:

Hand Weapons
 a - a +0 dagger
 l - a +1 dagger of protection
 m - a +3 quarterstaff of chaos (weapon)
 C - a +1 heavy hand axe
Missiles
 e - 43 stones
 r - 3 datura-tipped darts
Armour
 b - a +0 robe (worn)
 c - a +0 hat (worn)
 n - a +1 cloak
 o - a scarf of invisibility (worn)
Jewellery
 x - a ring of positive energy (left hand)
 B - a ring of fire (right hand)
Scrolls
 g - a scroll of poison {unknown}
 k - a scroll of vulnerability {unknown}
 s - a scroll of enchant weapon {unknown}
 v - a scroll of enchant armour
 w - 2 scrolls of magic mapping {unknown}
 y - a scroll of blinking {unknown}
 z - a scroll of teleportation
 A - a scroll of amnesia
Potions
 d - a potion of magic
 f - 3 potions of curing
 h - 2 potions of berserk rage
 i - a potion of lignification
 j - 3 potions of might
 p - a potion of mutation
 q - a potion of flight {unknown}
 t - a potion of attraction {unknown}


   Skills:
 + Level 1.8 Fighting
 + Level 0.8 Staves
 + Level 2.6 Dodging
 + Level 2.7 Stealth
 * Level 4.2 Spellcasting
 * Level 3.1 Conjurations
 + Level 1.7 Hexes
 + Level 2.2 Summonings
 + Level 2.0 Translocations
 + Level 1.0 Evocations


You had 7 spell levels left.
You knew the following spells:

 Your Spells              Type           Power      Damage    Failure   Level
a - Magic Dart            Conj           60%        1d6       4%          1
b - Call Imp              Summ           11%        N/A       9%          2
d - Slow                  Hex            36%        N/A       7%          1
e - Blink                 Tloc           20%        N/A       10%         2

Your spell library contained the following spells:

 Spells                   Type           Power      Damage    Failure   Level
 Portal Projectile        Hex/Tloc       20%        N/A       21%         3
 Cigotuvi's Dreadful Rot  Necr/Pois/Air  6%         N/A       22%         2
 Tukima's Dance           Hex            9%         N/A       22%         3
 Mephitic Cloud           Conj/Pois/Air  7%         N/A       28%         3
 Volatile Blastmotes      Fire/Tloc      22%        2d11      28%         3
 Fulminant Prism          Conj/Hex       6%         3d7       45%         4
 Iskenderun's Mystic Bla  Conj/Tloc      13%        2d5       45%         4
 Blade Hands              Tmut           1%         N/A       99%         5
 Lee's Rapid Deconstruct  Erth           1%         3d4*      99%         5


Dungeon Overview and Level Annotations

Branches:
Dungeon (5/15)             Temple (1/1) D:5

Altars:
Cheibriados
Dithmenos
Gozag
Hepliaklqana
Kikubaaqudgha
Makhleb
Nemelex Xobeh
Okawaru
Ru
Sif Muna
Trog
Uskayaw
Vehumet
Wu Jian
Xom
Yredelemnul

Shops:
D:4 !

Annotations:
D:5 3 runed translucent doors, Lobster4's ghost, weakling HuDe


Innate Abilities, Weirdness & Mutations

You are surrounded by a mild repulsion field. (EV +2)
You are partially covered in sharp spines.
You have a small tail.


Message History

* * * LOW HITPOINT WARNING * * *
The wight hits you with a +2 short sword.
* * * LOW HITPOINT WARNING * * *
You partially resist.
You feel drained.
Casting: Magic Dart (safe; 4% risk of failure)
Confirm with . or Enter, or press ? or * to list all spells.
You blink.
You feel much better.
The wight hits you with a +3 mace of freezing!
The wight freezes you.
The wight hits you with a +2 short sword!
* * * LOW HITPOINT WARNING * * *
You partially resist.
You feel drained. The wight attacks as you move away!
The wight is struck by your spines. The wight misses you.
A wight comes into view. It is wielding a +3 hand axe.
The wight attacks as you move away! The wight is struck by your spines.
The wight closely misses you. The wight attacks as you move away!
The wight closely misses you.
You feel stable enough to blink again.
Casting: Blink (safe; 10% risk of failure)
Confirm with . or Enter, or press ? or * to list all spells.
A beastly little devil appears in a puff of flame.
The wight attacks as you move away! The wight misses you.
You feel better. The wight is struck by your spines.
The wight hits you with a +2 short sword!
* * * LOW HITPOINT WARNING * * *
You partially resist.
You feel drained.
* * * LOW HITPOINT WARNING * * *
The wight barely misses something.
You hit the wight.
The wight convulses.
The wight is almost destroyed.
The wight hits something with a +3 mace of freezing!
The wight freezes something!
The wight hits you with a +2 short sword.
* * * LOW HITPOINT WARNING * * *
You partially resist.
You feel drained.
* * * LOW HITPOINT WARNING * * *
The wight hits you with a +2 short sword.
You die...

# #####.## #.# #
#..>..##########.# #
#.###...<.......)# ## #.#
#.############ .## #)# #.#
..###.###.# ...#...##.#
##### ......†.#.#
####.z.##
...#....#.###...@#.5####
..###............#.....#.#
.## ###.........###.....#
## #.#..................
#.###...#.....#.....# #.#
#.###..>..###..##
#.###...#.....#.[.^#
#.##.........z.......
#.##.##...###...##. .


You could see a wight (resistant).

Vanquished Creatures
  A scorpion (D:5)
  A howler monkey (D:5)
  An orc priest (D:5)
  2 iguanas
  Crazy Yiuf (D:2)
  Natasha (thrice) (D:2)
  An orc wizard (D:5)
  4 gnolls
  3 adders
  A worm (D:2)
  2 dart slugs
  6 orcs
  9 ball pythons
  5 bats
  3 endoplasms
  6 giant cockroaches
  7 goblins
  4 hobgoblins
  2 jackals
  5 kobolds
  A quokka (D:4)
  3 frilled lizards
  2 rats
73 creatures vanquished.

Vanquished Creatures (collateral kills)
  3 gnolls (D:3)
  2 endoplasms (D:1)
  6 goblins (D:2)
  A hobgoblin (D:1)
  5 jackals
  A kobold (D:1)
  A frilled lizard (D:2)
19 creatures vanquished.

Grand Total: 92 creatures vanquished

Notes
Turn   | Place    | Note
-------+----------+-------------------------------------------
     0 | D:1      | PimpSugar the Demonspawn Hedge Wizard began the quest for
                  | the Orb.
     0 | D:1      | Reached XP level 1. HP: 13/13 MP: 4/4
   114 | D:1      | Reached skill level 1 in Translocations
   184 | D:1      | Gained mutation: You have a small tail. [demonic ancestry]
   184 | D:1      | Reached XP level 2. HP: 17/19 MP: 4/6
   278 | D:1      | Learned a level 2 spell: Call Imp
   281 | D:1      | Learned a level 2 spell: Blink
   283 | D:1      | Learned a level 1 spell: Slow
   850 | D:1      | Gained mutation: You are surrounded by a mild repulsion
                  | field. (EV +2) [demonic ancestry]
   850 | D:1      | Reached XP level 3. HP: 25/25 MP: 2/7
  1347 | D:2      | Noticed Natasha
  1376 | D:2      | Killed Natasha
  1377 | D:2      | Gained mutation: You are partially covered in sharp spines.
                  | [demonic ancestry]
  1377 | D:2      | Reached XP level 4. HP: 18/31 MP: 1/9
  1495 | D:2      | Noticed Natasha
  1509 | D:2      | Killed Natasha
  1554 | D:2      | Noticed Natasha
  1572 | D:2      | Killed Natasha
  1573 | D:2      | Reached skill level 1 in Fighting
  1573 | D:2      | Reached skill level 1 in Hexes
  1793 | D:2      | Reached XP level 5. HP: 37/37 MP: 3/10
  1866 | D:2      | Found a runed translucent door.
  1867 | D:2      | Noticed Crazy Yiuf
  1881 | D:2      | Killed Crazy Yiuf
  2704 | D:3      | Found an opulent altar of Gozag.
  3620 | D:4      | Reached XP level 6. HP: 43/43 MP: 11/11
  4163 | D:4      | Found Fipted's Distillery.
  4174 | D:4      | Bought a potion of heal wounds for 65 gold pieces
  4174 | D:4      | Bought a potion of heal wounds for 65 gold pieces
  4350 | D:5      | Entered Level 5 of the Dungeon
  4367 | D:5      | Found a runed translucent gate.
  4367 | D:5      | Found an opulent altar of Gozag.
  4370 | D:5      | Found a runed translucent gate.
  4371 | D:5      | Found a runed translucent gate.
  4374 | D:5      | Noticed Lobster4's ghost (weakling HuDe)
  4374 | D:5      | Noticed a wraith
  4466 | D:5      | Reached skill level 4 in Spellcasting
  4540 | D:5      | Reached skill level 1 in Evocations
  4577 | D:5      | Found a staircase to the Ecumenical Temple.
  4585 | Temple   | Entered the Ecumenical Temple
  4659 | Temple   | Became a worshipper of Vehumet
  4892 | D:5      | Slain by a wight

Illustrated notes

Levels and vault maps discovered:
D:1:      giann_bridges, layout_loops_ring
D:2:      kennysheep_the_goblin_king, layout_basic, uniq_crazy_yiuf_cottage,
          uniq_natasha
D:3:      layout_basic, nicolae_gozag_cash_rules_everything_around_me
D:4:      layout_basic, serial_shops, nicolae_shop_crystal, nrook_mini_vaults
D:5:      layout_loops_ring, nicolae_qazlal_style_of_elements,
          minmay_temple_entry_tees, ebering_ghost_gozag
Temple:   dpeg_five_rooms_temple

Skill      XL: |  1  2  3  4  5  6 |
---------------+-------------------+-----
Translocations | 1 2 |  2.0
Stealth        | 2 |  2.7
Dodging        | 2 |  2.6
Conjurations   | 2 3 |  3.1
Fighting       | 1 |  1.8
Hexes          | 1 |  1.7
Summonings     | 2 |  2.2
Spellcasting   | 4 |  4.2
Evocations     | 1 |  1.0
Staves         | |  0.8

Action                     |  1- 3 |  4- 6 || total
---------------------------+-------+-------++-------
  Melee: Dagger            |    68 |    19 ||    87
         Tailslap          |     2 |     6 ||     8
         Quarterstaff      |       |    67 ||    67
   Cast: Magic Dart        |    47 |    13 ||    60
         Call Imp          |     9 |     9 ||    18
         Slow              |     3 |     9 ||    12
         Blink             |       |     1 ||     1
    Use: Scroll            |       |     8 ||     8
         Potion            |       |     7 ||     7
 Armour: Robe              |    15 |     6 ||    21
  Dodge: Dodged            |    72 |    52 ||   124

Table legend: (Time is in decaauts)
 A = Elapsed time spent in this place.
 B = Non-inter-level travel time spent in this place.
 C = Inter-level travel time spent in this place.
 D = Time resting spent in this place.
 E = Time spent auto-exploring this place.
 F = Levels seen in this place.
 G = Mean time per level.
                   A        B        C        D        E       F      G
               +--------+--------+--------+--------+--------+-----+--------+
         Total |   4935 |   4401 |    534 |      4 |   3139 |   6 |  822.5 |
       Dungeon |   4641 |   4251 |    390 |      4 |   3000 |   5 |  928.2 |
        Temple |    293 |    149 |    144 |      0 |    139 |   1 |  293.0 |
               +--------+--------+--------+--------+--------+-----+--------+

Top non-repeatable levels by time:
     D:2: 1332 daAuts
     D:3: 1117 daAuts
     D:1: 1027 daAuts
     D:4: 911 daAuts
  Temple: 293 daAuts
     D:5: 253 daAuts
